 Dungeon Crawl Stone Soup version 0.28.0 (webtiles) character file.

Game seed: 4395720970609760154

416 pkoi the Shooter (level 6, -3/50 HPs)
             Began as a Minotaur Hunter on Feb 7, 2022.
             Was an Initiate of Makhleb.
             Slain by Duvessa (9 damage)
             ... on level 4 of the Dungeon.
             The game lasted 00:05:46 (4598 turns).

pkoi the Shooter (Minotaur Hunter)                  Turns: 4598, Time: 00:05:46

Health: -3/50      AC:  4    Str: 16    XL:     6   Next: 60%
Magic:  5/5        EV: 13    Int:  8    God:    Makhleb [......]
Gold:   218        SH:  0    Dex: 13    Spells: 5/5 levels left

rFire   . . .      SeeInvis .   a - +1 shortbow
rCold   . . .      Faith    .   (shield currently unavailable)
rNeg    . . .      Spirit   .   c - +0 leather armour
rPois   .          Reflect  .   (helmet restricted)
rElec   .          Harm     .   (no cloak)
rCorr   .          Rampage  .   j - +0 pair of gloves
Will    .....                   (no boots)
Stlth   ++........              (no amulet)
HPRegen 0.16/turn               (no ring)
MPRegen 0.09/turn               (no ring)

@: no status effects
A: horns 2, retaliatory headbutt
a: Renounce Religion


You were on level 4 of the Dungeon.
You worshipped Makhleb.
Makhleb was noncommittal.
You visited 1 branch of the dungeon, and saw 4 of its levels.

You collected 218 gold pieces.

Inventory:

Hand Weapons
 a - a +1 shortbow (weapon)
 b - a +1 vorpal spear
 f - a +0 short sword
Missiles
 d - 29 arrows (quivered ammo)
Armour
 c - a +0 leather armour (worn)
 j - a +0 pair of gloves (worn)
Jewellery
 h - a ring of ice
Wands
 l - a wand of iceblast (2)
Scrolls
 e - a scroll of identify
 g - a scroll of silence {unknown}
 o - a scroll of fear
 p - 2 scrolls of amnesia {unknown}
 q - 2 scrolls of enchant armour {unknown}
Potions
 i - a potion of curing
 k - a potion of might
 m - a potion of resistance
 n - a potion of ambrosia
 r - a potion of cancellation {unknown}


   Skills:
 - Level 2.4 Fighting
 * Level 6.8 Bows
 + Level 4.1 Dodging
 + Level 2.9 Stealth
 + Level 1.0 Invocations
 + Level 1.0 Evocations


You had 5 spell levels left.
You didn't know any spells.
Your spell library contained the following spells:

 Spells                   Type           Power      Damage    Failure   Level
 Summon Small Mammal      Summ           0%         N/A       47%         1
 Call Canine Familiar     Summ           0%         N/A       85%         3
 Summon Guardian Golem    Hex/Summ       0%         N/A       85%         3


Dungeon Overview and Level Annotations

Branches:
Dungeon (4/15)             Temple (0/1) D:4

Altars:
Makhleb
Vehumet

Shops:
D:1 *

Annotations:
D:4 Duvessa


Innate Abilities, Weirdness & Mutations

You have a pair of horns on your head.
You reflexively headbutt those who attack you in melee.


Message History

Okay, then.
Aiming: Iceblast
Press: ? - help, Shift-Dir - straight line, p - Duvessa The mass of ice explodes!
The iceblast engulfs Duvessa.
Duvessa is lightly wounded.
You hear an angry hiss.
Duvessa hits you with a +0 short sword!
* * * LOW HITPOINT WARNING * * *
Duvessa hits you with a +0 short sword!
* * * LOW HITPOINT WARNING * * *
Aiming: Iceblast
Press: ? - help, Shift-Dir - straight line The mass of ice explodes!
The iceblast engulfs Duvessa!
Duvessa is moderately wounded.
An adder comes into view.
Duvessa hits you with a +0 short sword.
* * * LOW HITPOINT WARNING * * *
Aiming: Iceblast
Press: ? - help, Shift-Dir - straight line The mass of ice explodes!
The iceblast engulfs Duvessa!
Duvessa is heavily wounded.
Duvessa hits you with a +0 short sword.
* * * LOW HITPOINT WARNING * * *
Duvessa barely misses you.
Unknown command.
Aiming: Iceblast
Press: ? - help, Shift-Dir - straight line The mass of ice explodes!
The iceblast engulfs Duvessa!
Duvessa is severely wounded.
Duvessa hits you with a +0 short sword!
* * * LOW HITPOINT WARNING * * *
Unknown command.
Aiming: Iceblast
Press: ? - help, Shift-Dir - straight line The mass of ice explodes!
The iceblast engulfs Duvessa!
Duvessa is almost dead.
Duvessa hits you with a +0 short sword!
* * * LOW HITPOINT WARNING * * *
Duvessa hits you with a +0 short sword!
You die...

#.. ### ############.
#(.).........
..((.##e@..S.... ###
#.########
###############.#########
..............#..........
.############.#.#########
.###### #....# ......#
#....# .####.# ##...# .#
##.##


You could see Duvessa (berserk) and an adder.

Vanquished Creatures
  Dowan (D:4)
  A gnoll shaman (D:4)
  A bullfrog skeleton (D:4)
  Ijyb (D:3)
  Natasha (thrice) (D:2)
  Robin (D:3)
  7 adders
  4 gnolls (D:4)
  3 worms
  2 ball pythons
  3 bats
  9 endoplasms
  3 giant cockroaches
  10 hobgoblins
  5 jackals
  2 quokkas
  3 frilled lizards
  21 goblins
  8 kobolds
  5 rats
93 creatures vanquished.

Notes
Turn   | Place    | Note
-------+----------+-------------------------------------------
     0 | D:1      | pkoi the Minotaur Hunter began the quest for the Orb.
     0 | D:1      | Reached XP level 1. HP: 18/18 MP: 0/0
    73 | D:1      | Found Ricaist's Assorted Antiques.
    86 | D:1      | Found a faded altar of an unknown god.
   100 | D:1      | Reached skill level 1 in Stealth
   192 | D:1      | Reached XP level 2. HP: 25/25 MP: 1/1
   768 | D:2      | Found a radiant altar of Vehumet.
  1052 | D:2      | Reached skill level 5 in Bows
  1052 | D:2      | Reached XP level 3. HP: 30/30 MP: 2/2
  1081 | D:2      | HP: 1/30 [poisoned by an adder]
  1611 | D:2      | Noticed Natasha
  1619 | D:2      | Killed Natasha
  1620 | D:2      | Reached XP level 4. HP: 19/37 MP: 3/3
  2556 | D:2      | Noticed Natasha
  2562 | D:2      | Killed Natasha
  2571 | D:2      | Noticed Natasha
  2574 | D:2      | Killed Natasha
  2575 | D:2      | Reached XP level 5. HP: 26/42 MP: 4/4
  2913 | D:3      | Noticed Robin
  2915 | D:3      | Reached skill level 6 in Bows
  2991 | D:3      | Killed Robin
  3559 | D:3      | Found a burning altar of Makhleb.
  3565 | D:3      | Noticed Ijyb
  3576 | D:3      | Killed Ijyb
  3723 | D:3      | Became a worshipper of Makhleb the Destroyer
  3983 | D:4      | Reached XP level 6. HP: 50/50 MP: 5/5
  4213 | D:4      | Found a staircase to the Ecumenical Temple.
  4258 | D:4      | HP: 2/50 [poisoned by a gnoll]
  4585 | D:4      | Noticed Dowan
  4587 | D:4      | Noticed Duvessa
  4592 | D:4      | Killed Dowan
  4593 | D:4      | Reached skill level 1 in Invocations
  4593 | D:4      | Reached skill level 1 in Evocations
  4598 | D:4      | Slain by Duvessa

Illustrated notes

Levels and vault maps discovered:
D:1:      nzn_arrival_depleted_hourglass, layout_loops_ring, serial_shops, shop,
          hellmonk_ecumenical_altar_blasted, amcnicky_mini_pool_small,
          minmay_misc_feat_more_columns
D:2:      minmay_razor_zed, layout_basic, basic_altar, uniq_natasha
D:3:      kennysheep_the_goblin_king, layout_basic, bloody_makhleb, uniq_robin
D:4:      layout_loops_ring, minmay_temple_entry_large_hall, minmay_unequal,
          uniq_duvessa, uniq_ijyb

Skill      XL: |  1  2  3  4  5  6 |
---------------+-------------------+-----
Stealth        | 1 2 |  2.9
Bows           | 5 6 |  6.8
Dodging        | 3 4 |  4.1
Invocations    | 1 |  1.0
Evocations     | 1 |  1.0
Fighting       | |  2.4

Action                   |  1- 3 |  4- 6 || total
-------------------------+-------+-------++-------
Melee: Spear             |    62 |    25 ||    87
       Headbutt          |     4 |     2 ||     6
       Shortbow          |       |     1 ||     1
 Fire: Shortbow          |     2 |   171 ||   173
Throw: Throwing net      |       |     1 ||     1
Evoke: Wand              |       |     5 ||     5
  Use: Scroll            |       |     7 ||     7
       Potion            |       |     3 ||     3
 Stab: Sleeping          |     7 |     2 ||     9
Armor: Leather armour    |     7 |    16 ||    23
Dodge: Dodged            |    27 |    84 ||   111
